 Dungeon Crawl Stone Soup version 0.31-a0-1008-g5b978dac0e (webtiles) character file.

Game seed: 3063461941760490270

107 Arezz the Stinger (level 5, -9/35 (36) HPs)
             Began as a Human Wanderer on Nov 13, 2023.
             Was a Believer of Cheibriados.
             Mangled by Menkaure (15 damage)
             ... on level 4 of the Dungeon.
             The game lasted 00:09:51 (2944 turns).

Arezz the Stinger (Human Wanderer)                  Turns: 2944, Time: 00:09:54

HP:   -9/35 (36)    AC:  5    Str: 15    XL:     5   Next: 10%
MP:   1/8           EV: 11    Int: 21    God:    Cheibriados [**....]
Gold: 32            SH:  4    Dex: 18    Spells: 6/8 levels left

rFire   . . .        o - +4 whip
rCold   . . .        l - +0 buckler
rNeg    . . .        c - +0 robe
rPois   .            m - +0 helmet {Int+3}
rElec   .            i - +0 cloak
rCorr   .            (no gloves)
SInv    .            d - +0 pair of boots
Will    .....        (no amulet)
Stlth   ++           (no ring)
HPRegen 0.25/turn    (no ring)
MPRegen 0.11/turn

%: no passive effects
@: lightly drained, very slow
A: no striking features
a: Renounce Religion, Bend Time


You were on level 4 of the Dungeon.
You worshipped Cheibriados.
Cheibriados was pleased with you.
You visited 1 branch of the dungeon, and saw 4 of its levels.

You collected 86 gold pieces.
You spent 54 gold pieces at shops.

Inventory:

Hand Weapons
 a - a +0 dagger
 o - a +4 whip (weapon)
Missiles
 k - a throwing net
Armour
 c - a +0 robe (worn)
 d - a +0 pair of boots (worn)
 i - a +0 cloak (worn)
 l - a +0 buckler (worn)
 m - a +0 helmet of intelligence (worn)
Scrolls
 j - 5 scrolls of teleportation
Potions
 b - 3 potions of might
 e - a potion of curing
 f - a potion of lignification
 g - a potion of heal wounds {unknown}
 h - a potion of enlightenment {unknown}
 n - a potion of attraction {unknown}


   Skills:
 + Level 0.3 Fighting
 + Level 1.2 Short Blades
 + Level 2.1 Throwing
 + Level 1.4 Dodging
 + Level 0.5 Stealth
 + Level 2.1 Spellcasting
 + Level 1.0 Transmutations
 + Level 2.2 Air Magic
 + Level 3.8 Poison Magic
 + Level 1.0 Evocations


You had 6 spell levels left.
You knew the following spells:

 Your Spells              Type           Power      Damage    Failure   Level
a - Sting                 Tmut/Pois      48%        1d5       8%          1
b - Shock                 Conj/Air       24%        1d4       13%         1

Your spell library contained the following spells:

 Spells                   Type           Power      Damage    Failure   Level
 Cigotuvi's Dreadful Rot  Necr/Pois/Air  20%        N/A       13%         2
 Mephitic Cloud           Conj/Pois/Air  10%        N/A       26%         3


Dungeon Overview and Level Annotations

Branches:
Dungeon (4/15)
 Temple: D:4-7

Altars:
Cheibriados

Shops:
D:2 [

Annotations:
D:4 Menkaure


Message History

You climb downwards.
There is a stone staircase leading up here.
Menkaure is nearby!
The zap hits Menkaure but does no damage.
Menkaure shouts!
The zap hits Menkaure.
Menkaure is lightly damaged.
The zap hits Menkaure.
Menkaure is lightly damaged.
A wight comes into view. It is wielding a +4 great sword.
The zap hits Menkaure.
Menkaure is lightly damaged.
The zap hits Menkaure.
Menkaure is lightly damaged.
A wight comes into view. It is wielding a +3 dagger.
The zap hits Menkaure.
Menkaure is moderately damaged.
The zap hits Menkaure.
Menkaure is moderately damaged.
Menkaure points at you and mumbles some strange words.
You barely resist.
The zap hits Menkaure.
Menkaure is moderately damaged.
You whack Menkaure!
Menkaure is severely damaged.
Menkaure calls on the powers of darkness!
Your body is wracked with pain!
You hit Menkaure but do no damage.
Menkaure is severely damaged.
The wight hits you but does no damage. Menkaure barely misses you.
You hit Menkaure.
Menkaure is severely damaged.
The wight closely misses you. Menkaure hits you!
You hit Menkaure but do no damage.
Menkaure is severely damaged.
A wight comes into view. It is wielding a +0 halberd.
The wight hits you with a +3 dagger!
* * * LOW HITPOINT WARNING * * *
You feel drained. Menkaure hits you!
You die...

### ##..#
##...#
#.@..#
#zMz.#
#....#
#......
#.......
#........z
##........
##.....##


You could see Menkaure and 3 wights.

Vanquished Creatures
  A gnoll (D:1)
  6 adders (D:2)
  A worm (D:2)
  A dart slug (D:1)
  A ball python (D:1)
  6 endoplasms
  4 goblins (D:1)
  5 hobgoblins
  4 jackals (D:3)
  A quokka (D:3)
  3 bats
  A frilled lizard (D:2)
  3 kobolds
  2 rats (D:2)
39 creatures vanquished.

Notes
Turn   | Place    | Note
-------+----------+-------------------------------------------
     0 | D:1      | Arezz the Human Wanderer began the quest for the Orb.
     0 | D:1      | Arezz set off with the following items: a +0 dagger, a
                  | potion of might, a +0 robe, a +0 pair of boots; and the
                  | following spells available to memorise: Sting, Shock,
                  | Cigotuvi's Dreadful Rot, Mephitic Cloud.
     0 | D:1      | Reached XP level 1. HP: 13/13 MP: 2/2
     2 | D:1      | Learned a level 1 spell: Sting
   225 | D:1      | Reached XP level 2. HP: 19/19 MP: 1/3
   682 | D:1      | Reached XP level 3. HP: 23/24 MP: 0/4
  1218 | D:2      | Found Quovvask's Armour Shop.
  1250 | D:2      | Bought a +0 cloak for 54 gold pieces
  1364 | D:2      | Found a faded altar of an unknown god.
  1371 | D:2      | Prayed at the altar of an unknown god.
  1371 | D:2      | Became a worshipper of Cheibriados the Contemplative
  1371 | D:2      | Reached * piety under Cheibriados
  1392 | D:2      | Reached XP level 4. HP: 26/30 MP: 2/6
  1691 | D:2      | Found a snail-covered altar of Cheibriados.
  1815 | D:2      | Reached skill level 1 in Short Blades
  2316 | D:2      | Reached XP level 5. HP: 35/35 MP: 6/8
  2373 | D:2      | Learned a level 1 spell: Shock
  2737 | D:3      | Reached ** piety under Cheibriados
  2747 | D:3      | Reached skill level 1 in Transmutations
  2932 | D:4      | Noticed Menkaure
  2944 | D:4      | Mangled by Menkaure

Illustrated notes

Levels and vault maps discovered:
D:1:      co_arrival_random_square_maze, layout_basic
D:2:      layout_loops_corners, basic_altar,
          shapermc_ecumenical_altar_acropolis, serial_shops,
          nicolae_shop_hallway_plus, st_stairs_2, minmay_octomino_j4
D:3:      layout_basic, minmay_misc_feat_chi
D:4:      layout_rooms, nicolae_gozag_zags_fifth_avenue,
          nicolae_ru_awakened_eye, minmay_temple_entry_glass,
          uniq_crazy_yiuf_cottage, uniq_menkaure

Skill      XL: |  1  2  3  4  5 |
---------------+----------------+-----
Short Blades   | 1 |  1.2
Spellcasting   | 2 |  2.1
Transmutations | 1 |  1.0
Fighting       | |  0.3
Throwing       | |  2.1
Dodging        | |  1.4
Stealth        | |  0.5
Air Magic      | |  2.2
Poison Magic   | |  3.8
Evocations     | |  1.0

Action                     |  1- 3 |  4- 6 || total
---------------------------+-------+-------++-------
  Melee: Dagger            |    51 |    17 ||    68
         Whip              |       |    35 ||    35
   Cast: Sting             |    25 |    19 ||    44
         Shock             |       |    18 ||    18
    Use: Scroll            |     3 |     6 ||     9
 Armour: Robe              |    35 |    41 ||    76
  Dodge: Dodged            |    28 |    33 ||    61
  Block: Buckler           |       |     7 ||     7

Table legend: (Time is in decaauts)
 A = Elapsed time spent in this place.
 B = Non-inter-level travel time spent in this place.
 C = Inter-level travel time spent in this place.
 D = Time resting spent in this place.
 E = Time spent auto-exploring this place.
 F = Levels seen in this place.
 G = Mean time per level.
                   A        B        C        D        E       F      G
               +--------+--------+--------+--------+--------+-----+--------+
         Total |   3349 |   3287 |     62 |      0 |   2911 |   4 |  837.2 |
       Dungeon |   3349 |   3287 |     62 |      0 |   2911 |   4 |  837.2 |
               +--------+--------+--------+--------+--------+-----+--------+

Top non-repeatable levels by time:
     D:2: 1538 daAuts
     D:1: 1165 daAuts
     D:3: 633 daAuts
     D:4: 12 daAuts
